Map: [ESL] Alcyone

Players

Harstem - Winner!

  • Race: Protoss Protoss
  • Spawn Location: 7:00

Scarlett

  • Race: Zerg Zerg
  • Spawn Location: 1:00

Event: ESL SC2 Masters 2023 Winter (Finals)

VOD

Have the link to the VOD?

Description

Time

  • Played on: Dec. 15, 2023, 3:30 p.m.
  • Length: 42:32

All games in this series

Show
View Real Time Build Order
Export as new Build Order

Harstem Protoss - Winner!

Build Orders: 1 Gate Expand, Oracle Opening, Archon Immortal 

Get SALT Encoding   

  12  0:00  Probe  
  13  0:12  Probe  
  14  0:20  Pylon  
  14  0:24  Probe  
  15  0:38  Probe (Chrono Boost)  
  15  0:39  Gateway  
  16  0:47  Assimilator, Probe (Chrono Boost)  
  17  0:52  Probe  
  18  1:04  Probe  
  19  1:16  Probe  
  20  1:24  Nexus  
  20  1:34  Cybernetics Core  
  20  1:36  Probe  
  21  1:42  Assimilator  
  21  1:48  Probe  
  21  1:51  Pylon  
  22  2:00  Probe  
  23  2:08  Adept (Chrono Boost)  
  23  2:11  Warp Gate  
  23  2:13  Probe (Chrono Boost)  
  26  2:25  Probe (Chrono Boost)  
  27  2:30  Adept (Chrono Boost)  
  27  2:31  Probe (Chrono Boost)  
  27  2:36  Stargate  
  30  2:37  Probe  
  30  2:39  Probe  
  32  2:49  Probe  
  34  2:51  Probe  
  36  3:01  Probe  
  36  3:04  Nexus  
  35  3:05  Probe  
  36  3:13  Probe  
  36  3:14  Assimilator  
  36  3:18  Oracle (Chrono Boost), Probe  
  38  3:25  Probe  
  42  3:31  Probe, Pylon  
  43  3:36  Gateway  
  43  3:43  Probe x2  
  45  3:49  Oracle  
  45  3:51  Pylon  
  45  3:55  Probe  
  49  3:56  Probe  
  49  4:00  Zealot  
  52  4:04  Twilight Council  
  52  4:07  Probe  
  52  4:08  Probe  
  54  4:13  Gateway x2  
  54  4:19  Probe  
  54  4:20  Probe  
  54  4:21  Probe  
  57  4:28  Stalker  
  57  4:31  Blink (Chrono Boost)  
  59  4:32  Stalker  
  59  4:33  Probe x2 (Chrono Boost)  
  59  4:35  Probe (Chrono Boost)  
  59  4:38  Pylon  
  67  4:46  Probe (Chrono Boost)  
  67  4:49  Probe (Chrono Boost)  
  67  4:50  Probe (Chrono Boost)  
  67  4:51  Probe (Chrono Boost)  
  68  4:55  Probe  
  68  4:56  Stalker x2  
  68  4:57  Probe  
  70  5:00  Probe  
  70  5:03  Pylon  
  71  5:08  Stalker x2  
  71  5:09  Probe  
  71  5:10  Shield Battery  
  71  5:12  Probe  
  77  5:16  Probe  
  77  5:21  Stalker x2  
  82  5:22  Probe  
  82  5:23  Pylon  
  82  5:26  Probe  
  82  5:28  Probe  
  85  5:30  Assimilator  
  85  5:32  Stalker x2  
  85  5:35  Assimilator  
  89  5:36  Probe  
  89  5:39  Forge  
  89  5:42  Pylon  
  91  5:45  Stalker x2  
  91  5:47  Probe  
  91  5:48  Probe  
  96  5:50  Probe  
  96  5:51  Assimilator  
  97  5:59  Probe  
  97  6:00  Charge (Chrono Boost)  
  97  6:03  Zealot x2  
  102  6:08  Protoss Ground Weapons Level 1 (Chrono Boost)  
  102  6:11  Probe  
  103  6:19  Nexus, Templar Archives  
  103  6:21  Pylon  
  103  6:26  Zealot x3  
  103  6:28  Robotics Facility  
  103  6:32  Pylon  
  109  6:35  Pylon  
  109  6:39  Probe x2  
  111  6:44  Probe  
  111  6:45  Zealot  
  114  6:49  Gateway  
  114  6:50  Gateway  
  114  6:51  Probe x2  
  114  6:53  Psionic Storm  
  116  6:57  High Templar x2  
  116  7:00  Gateway x2  
  120  7:03  Archon  
  120  7:09  Probe  
  120  7:10  High Templar  
  120  7:11  High Templar  
  120  7:12  Photon Cannon, Shield Battery  
  125  7:16  Probe  
  125  7:17  Probe  
  125  7:21  Assimilator  
  127  7:24  Warp Prism (Chrono Boost)  
  127  7:26  Assimilator  
  127  7:27  Probe  
  130  7:30  Pylon  
  130  7:31  Zealot  
  130  7:32  Zealot  
  130  7:40  Probe  
  131  7:44  Shield Battery  
  131  7:46  Pylon  
  131  7:47  Zealot  
  131  7:48  High Templar x2  
  131  7:49  Probe  
  131  7:50  Probe  
  139  7:51  Immortal (Chrono Boost)  
  139  7:52  Protoss Ground Weapons Level 2 (Chrono Boost), Photon Cannon  
  139  7:54  Gateway, Probe  
  144  8:01  Probe  
  145  8:10  High Templar x3  
  151  8:17  Probe x2  
  151  8:19  Pylon  
  150  8:21  High Templar, Pylon  
  150  8:23  Immortal (Chrono Boost)  
  150  8:24  Photon Cannon  
  150  8:25  Photon Cannon  
  156  8:27  Photon Cannon  
  156  8:28  Pylon  
  156  8:35  Zealot x4  
  156  8:39  Pylon  
  156  8:40  Forge  
  164  8:48  Pylon  
  164  8:54  Robotics Facility  
  164  8:55  Observer (Chrono Boost)  
  165  8:58  Nexus, Probe  
  165  9:00  Probe  
  165  9:01  Pylon  
  167  9:06  Immortal (Chrono Boost)  
  167  9:07  Robotics Facility, High Templar x3  
  167  9:08  High Templar, Zealot  
  181  9:14  Archon x2  
  181  9:18  Probe  
  182  9:28  Protoss Shields Level 1  
  182  9:31  Probe  
  177  9:39  Immortal (Chrono Boost)  
  177  9:41  Immortal (Chrono Boost)  
  177  9:45  High Templar x2  
  173  9:46  Zealot x2  
  173  9:48  Photon Cannon  
  173  9:49  Photon Cannon  
  173  9:50  High Templar  
  173  9:51  Photon Cannon  
  173  9:53  Photon Cannon  
  173  9:54  Photon Cannon  
  173  9:55  Shield Battery  
  173  9:56  Immortal (Chrono Boost)  
  173  9:58  Archon  
  177  10:04  Photon Cannon  
  177  10:10  Zealot x5  
  191  10:30  Immortal (Chrono Boost)  
  191  10:31  Immortal (Chrono Boost)  
  191  10:35  Immortal (Chrono Boost)  
  191  10:36  High Templar x2  
  199  10:45  Archon  
  199  10:50  Probe  
  197  11:25  Protoss Ground Weapons Level 3 (Chrono Boost)  
  198  11:31  Probe  
  198  11:32  Pylon  
  199  11:35  Observer (Chrono Boost), Gateway, Assimilator, Protoss Ground Armor Level 1 (Chrono Boost)  
  199  11:36  Pylon  
  199  11:37  Gateway  
  199  11:39  Gateway  
  200  11:42  Gateway  
  200  11:44  Observer (Chrono Boost)  
  200  11:46  Nexus  
  200  11:50  Probe  
  200  12:07  Photon Cannon  
  200  12:09  Photon Cannon  
  200  12:11  Photon Cannon  
  200  12:12  Photon Cannon  
  195  12:20  Stalker x2  
  141  12:41  High Templar x4  
  141  12:43  Probe  
  158  12:46  Immortal (Chrono Boost), Stalker x7  
  167  12:54  Pylon  
  167  12:55  Nexus  
  167  12:57  Robotics Facility, Zealot x2  
  171  13:01  Immortal (Chrono Boost), Pylon  
  171  13:04  Pylon  
  171  13:08  Fleet Beacon  
  171  13:09  Assimilator, Stargate  
  171  13:10  Stargate  
  171  13:15  Immortal (Chrono Boost)  
  172  13:21  Shield Battery  
  172  13:25  High Templar x4, Photon Cannon  
  172  13:26  High Templar x2  
  184  13:27  Zealot  
  182  13:35  Immortal  
  182  13:36  Photon Cannon  
  182  13:37  Archon x3  
  186  13:41  Photon Cannon  
  186  13:44  Photon Cannon  
  186  13:47  Zealot x5  
  196  13:51  Photon Cannon  
  196  13:52  Photon Cannon  
  196  13:55  Protoss Shields Level 2 (Chrono Boost), Photon Cannon  
  196  13:56  Photon Cannon  
  196  13:57  Photon Cannon  
  196  13:59  Shield Battery  
  196  14:01  Photon Cannon  
  196  14:05  Shield Battery  
  196  14:06  Pylon  
  196  14:16  Tempest (Chrono Boost)  
  200  14:28  Stalker  
  198  14:38  Stalker  
  199  14:45  Stalker x5  
  196  14:52  Probe (Chrono Boost)  
  200  14:53  Pylon  
  190  15:00  Pylon  
  190  15:06  Stalker x2  
  199  15:08  Mothership (Chrono Boost)  
  189  15:19  Photon Cannon  
  189  15:20  Photon Cannon  
  189  15:21  Observer x2  
  189  15:22  Photon Cannon  
  189  15:23  Shield Battery  
  189  15:25  Pylon  
  189  15:26  Pylon  
  187  15:44  Tempest x2 (Chrono Boost)  
  200  15:52  Tempest (Chrono Boost)  
  200  15:59  Gateway  
  200  16:01  Protoss Air Weapons Level 1 (Chrono Boost)  
  200  16:08  Photon Cannon x2  
  198  16:20  High Templar x2  
  190  16:42  Tempest  
  190  16:43  Zealot x4  
  200  16:54  Protoss Ground Armor Level 2 (Chrono Boost)  
  200  16:55  Protoss Shields Level 3 (Chrono Boost)  
  178  17:17  Tempest  
  178  17:18  Nexus  
  178  17:20  Photon Cannon x2  
  181  17:29  Oracle  
  176  17:31  High Templar x3  
  176  17:32  High Templar, Zealot x9  
  194  17:40  Observer (Chrono Boost)  
  194  17:42  Archon x2  
  193  17:46  Observer (Chrono Boost)  
  193  17:51  Nexus  
  193  17:53  Pylon  
  193  17:55  Observer  
  194  18:01  Observer  
  194  18:03  Nexus  
  194  18:05  Pylon  
  195  18:11  Pylon  
  188  18:23  Stalker x7  
  188  18:26  Stalker x2  
  185  18:43  Zealot x2  
  185  18:45  Stalker x2  
  185  18:46  Stalker  
  187  18:51  Tempest  
  190  18:55  Stalker x4  
  190  18:56  Stalker  
  200  19:10  Observer  
  200  19:20  Observer  
  200  19:23  Zealot x10  
  178  19:29  High Templar x2  
  175  19:31  Immortal (Chrono Boost)  
  175  19:36  High Templar  
  175  19:37  Observer, Archon  
  189  19:41  Immortal (Chrono Boost)  
  189  19:42  Immortal (Chrono Boost)  
  189  19:49  High Templar x4  
  197  19:53  Archon x2  
  197  19:55  High Templar  
  198  20:00  Archon  
  198  20:06  Nexus  
  198  20:18  Pylon  
  198  20:23  Unknown  
  195  20:40  Photon Cannon  
  195  20:43  Photon Cannon  
  195  20:44  Shield Battery  
  192  21:02  High Templar x3  
  192  21:14  High Templar x3  
  192  21:15  High Templar  
  200  21:20  Archon x2  
  198  21:45  Observer  
  200  21:47  Oracle  
  200  21:59  Assimilator  
  198  22:03  Assimilator  
  196  22:26  Observer  
  196  22:29  Probe  
  195  22:34  Nexus  
  195  22:36  Protoss Ground Armor Level 3  
  195  22:47  Observer  
  193  22:58  Pylon  
  197  23:01  Unknown  
  197  23:03  Mothership (Chrono Boost)  
  192  23:15  Observer  
  185  23:22  Nexus  
  185  23:27  Photon Cannon  
  185  23:33  Zealot x7  
  199  23:37  Photon Cannon  
  199  23:38  Photon Cannon  
  182  23:59  High Templar x2  
  182  24:00  High Templar x2  
  188  24:10  Archon  
  188  24:11  Archon  
  186  24:30  High Templar  
  181  24:45  Zealot x2  
  181  24:46  Zealot x7  
  189  25:10  Oracle  
  160  25:32  Probe  
  160  25:33  Probe  
  160  25:34  Probe  
  163  25:46  Probe  
  163  25:48  Tempest (Chrono Boost)  
  164  25:52  Zealot x6  
  164  25:53  Zealot x2  
  182  26:03  Tempest (Chrono Boost)  
  169  26:04  Observer (Chrono Boost)  
  169  26:05  Probe (Chrono Boost)  
  167  26:18  Tempest (Chrono Boost)  
  167  26:24  Probe  
  173  26:25  Probe  
  174  26:34  Probe  
  174  26:35  Zealot, Probe  
  174  26:38  Pylon  
  174  27:09  Zealot x8  
  190  27:23  Observer  
  191  27:30  Mothership (Chrono Boost)  
  184  27:47  High Templar x4  
  184  27:50  Zealot  
  194  27:51  Archon x2  
  194  27:58  Oracle (Chrono Boost)  
  195  28:02  Pylon  
  195  28:06  Pylon  
  189  28:23  Observer  
  189  28:27  Pylon  
  189  28:28  Unknown  
  190  28:34  Observer  
  174  28:53  Probe  
  174  28:56  Observer  
  174  29:02  High Templar x4  
  182  29:10  Archon x2  
  182  29:13  Zealot x6  
  182  29:14  Stalker  
  197  29:17  Observer  
  197  29:18  Photon Cannon  
  197  29:19  Photon Cannon  
  197  29:21  Photon Cannon  
  197  29:23  Photon Cannon  
  192  29:42  Zealot x5  
  192  29:44  Pylon  
  196  30:06  Oracle  
  199  30:16  Nexus  
  199  30:19  Oracle  
  199  30:25  Pylon  
  199  30:32  Nexus  
  199  30:34  Pylon  
  199  30:38  Observer  
  197  30:52  Zealot x2  
  197  30:56  Photon Cannon  
  183  30:59  Pylon  
  181  31:14  Observer  
  181  31:26  Zealot x9  
  196  31:44  Oracle  
  186  32:00  Tempest x2 (Chrono Boost)  
  191  32:19  Oracle (Chrono Boost)  
  192  32:52  Observer  
  193  33:13  Observer  
  193  33:21  Nexus  
  193  33:45  Pylon  
  193  33:48  Assimilator  
  193  33:52  Pylon  
  193  33:56  Assimilator  
  192  34:27  Nexus  
  192  34:44  Observer (Chrono Boost)  
  193  34:49  Pylon  
  193  34:53  High Templar x2  
  193  34:57  Observer (Chrono Boost)  
  198  35:09  Observer  
  198  35:15  Shield Battery  
  198  35:16  Shield Battery  
  198  35:18  Shield Battery  
  198  35:19  Shield Battery  
  198  35:21  Observer, Shield Battery  
  199  35:24  Shield Battery  
  199  35:25  Shield Battery  
  199  35:27  Photon Cannon  
  199  35:29  Shield Battery  
  199  35:30  Pylon  
  170  36:30  Stalker x11  
  150  36:53  Stalker x5  
  150  36:54  Stalker x6  
  97  37:10  Observer (Chrono Boost)  
  97  37:18  High Templar x4  
  97  37:19  High Templar x4  
  97  37:20  Zealot x3  
  119  37:25  Robotics Facility  
  119  37:28  Archon x2, Immortal (Chrono Boost)  
  123  37:34  Tempest (Chrono Boost), Archon  
  123  37:36  Mothership (Chrono Boost)  
  121  37:43  Archon  
  140  37:48  Tempest x2 (Chrono Boost)  
  140  37:53  Probe (Chrono Boost)  
  141  37:58  High Templar x2  
  141  38:00  Immortal  
  149  38:07  Tempest (Chrono Boost)  
  146  38:30  Tempest x2 (Chrono Boost)  
  146  38:31  Zealot x6  
  146  38:32  High Templar x3  
  146  38:33  High Templar, Zealot  
  172  38:43  Archon  
  172  38:44  Archon  
  177  38:48  Tempest (Chrono Boost)  
  160  39:53  Oracle (Chrono Boost)  
  157  40:11  Zealot x3  
  157  40:12  Zealot x8  
  175  40:23  Tempest (Chrono Boost)  
  162  41:20  Nexus  
  156  41:31  Oracle  
  96  42:18  Zealot x10  
Show
View Real Time Build Order
Export as new Build Order

Scarlett Zerg 

Build Orders: Hatch First, Lurkers 

Get SALT Encoding   

  12  0:00  Drone  
  13  0:12  Overlord  
  13  0:17  Drone  
  14  0:30  Drone x2  
  16  0:47  Hatchery  
  15  0:51  Drone  
  15  0:54  Drone  
  17  0:57  Drone  
  18  1:09  Extractor  
  17  1:13  Spawning Pool  
  17  1:16  Drone  
  17  1:19  Drone  
  18  1:27  Drone  
  19  1:38  Drone  
  20  1:49  Drone  
  21  1:59  Zergling x2, Queen x2  
  21  2:00  Overlord  
  26  2:10  Drone  
  26  2:11  Drone  
  28  2:21  Drone  
  28  2:22  Drone, Metabolic Boost  
  30  2:33  Drone  
  30  2:35  Zergling x2  
  30  2:36  Hatchery  
  31  2:42  Queen  
  33  2:47  Overlord  
  33  2:51  Drone  
  34  2:57  Drone  
  35  3:01  Zergling x2  
  36  3:06  Queen  
  36  3:08  Zergling x4  
  36  3:09  Drone x2  
  42  3:14  Drone x2  
  42  3:17  Overlord  
  44  3:29  Overlord  
  44  3:35  Queen  
  44  3:39  Drone x5  
  51  3:42  Drone  
  52  3:49  Queen  
  52  3:51  Drone  
  52  3:52  Drone x3  
  52  3:55  Baneling Nest  
  57  3:58  Zergling x4  
  57  4:02  Drone, Spore Crawler  
  59  4:08  Drone x2  
  61  4:10  Drone  
  61  4:14  Spore Crawler  
  61  4:22  Drone x6  
  66  4:25  Overlord  
  66  4:29  Overlord  
  66  4:34  Evolution Chamber  
  66  4:35  Overlord  
  66  4:36  Drone  
  66  4:45  Hatchery  
  65  4:47  Drone x5  
  65  4:49  Drone  
  71  4:56  Drone x6  
  75  5:00  Drone x2  
  75  5:02  Zerg Melee Weapons Level 1  
  75  5:04  Drone  
  75  5:05  Extractor  
  77  5:08  Drone  
  77  5:10  Drone  
  77  5:13  Drone x2  
  81  5:15  Drone x2  
  81  5:17  Lair  
  81  5:20  Zergling x4, Extractor x2  
  82  5:23  Zergling x8  
  86  5:30  Zergling x6  
  86  5:34  Hatchery  
  88  5:36  Overlord x2  
  88  5:43  Overlord x2  
  88  5:58  Zergling x24  
  100  6:04  Zergling x2  
  100  6:06  Spore Crawler  
  100  6:09  Zergling x8  
  100  6:10  Queen  
  105  6:16  Zergling x2  
  105  6:17  Zergling x2  
  104  6:19  Zergling x4  
  104  6:21  Hatchery  
  104  6:24  Zergling x12  
  108  6:29  Zergling x8, Hydralisk Den  
  108  6:30  Infestation Pit  
  110  6:34  Zergling x6  
  111  6:46  Zergling x16  
  119  6:51  Zergling x2  
  119  6:52  Zergling x4  
  119  6:53  Overseer  
  122  6:59  Zerg Missile Weapons Level 1  
  122  7:02  Extractor, Lurker Den  
  122  7:03  Drone x9  
  126  7:09  Drone x3  
  126  7:12  Drone x3  
  126  7:13  Extractor, Overlord x4  
  131  7:18  Hive  
  131  7:23  Drone x2  
  131  7:24  Extractor, Drone x2  
  131  7:28  Overlord x2  
  133  7:34  Zergling x10  
  132  7:40  Hydralisk x2  
  132  7:41  Spore Crawler  
  132  7:42  Lurker Den  
  134  7:45  Baneling x14  
  135  7:52  Drone x4  
  135  7:53  Drone  
  135  7:55  Drone x3  
  135  7:56  Drone x2  
  147  7:58  Drone x3  
  147  8:03  Hydralisk  
  150  8:06  Centrifugal Hooks  
  150  8:07  Lurker x2, Hydralisk x2  
  156  8:15  Hydralisk x2  
  156  8:16  Drone x5  
  165  8:26  Drone  
  166  8:29  Seismic Spines  
  166  8:30  Drone x2  
  166  8:31  Adrenal Glands  
  166  8:32  Muscular Augments, Evolution Chamber  
  167  8:41  Lurker x3  
  167  8:42  Drone x15  
  167  8:44  Extractor  
  167  8:45  Extractor  
  182  8:49  Lurker  
  182  8:52  Hydralisk x2  
  186  9:03  Spine Crawler x2  
  186  9:05  Zerg Melee Weapons Level 2, Spine Crawler  
  186  9:06  Spine Crawler  
  186  9:07  Spine Crawler, Zerg Missile Weapons Level 2, Hatchery  
  186  9:08  Overlord x2  
  180  9:16  Lurker  
  180  9:36  Grooved Spines  
  177  9:42  Lurker x2, Hydralisk x7  
  177  9:43  Zergling x20, Spore Crawler  
  199  9:48  Adaptive Talons  
  194  9:55  Baneling x4  
  194  9:56  Baneling x6  
  194  10:00  Extractor  
  194  10:01  Pneumatized Carapace, Extractor  
  194  10:02  Overseer  
  194  10:04  Overseer  
  185  10:21  Zergling x30  
  185  10:25  Lurker x2  
  196  10:42  Spire  
  187  10:43  Spire  
  187  10:45  Zergling x42  
  185  11:15  Hydralisk x4  
  187  11:19  Spine Crawler  
  187  11:20  Spine Crawler x2  
  187  11:21  Lurker x5  
  187  11:24  Zerg Missile Weapons Level 3, Zerg Melee Weapons Level 3  
  189  11:42  Lurker x4  
  189  11:45  Hydralisk x3  
  198  12:02  Baneling x11  
  198  12:05  Greater Spire, Zerg Flyer Armor Level 1  
  188  12:18  Baneling  
  188  12:19  Baneling x3  
  188  12:20  Baneling x7  
  160  12:33  Hydralisk x12  
  160  12:34  Zergling x84  
  179  12:54  Corruptor x2  
  179  12:55  Corruptor x7  
  197  13:03  Spine Crawler  
  197  13:04  Lurker x2, Spine Crawler  
  197  13:06  Zergling x6  
  166  13:34  Brood Lord x6  
  166  13:36  Drone x3  
  181  13:41  Brood Lord  
  181  13:42  Brood Lord  
  181  13:49  Hatchery  
  181  13:50  Brood Lord  
  181  13:53  Zerg Flyer Weapons Level 1  
  179  14:01  Lurker  
  179  14:02  Lurker x2  
  182  14:06  Lurker  
  182  14:07  Hatchery  
  182  14:10  Unknown  
  177  14:43  Drone x3  
  174  14:46  Zerg Flyer Armor Level 2  
  174  14:47  Extractor  
  174  14:49  Extractor  
  174  14:50  Hatchery  
  168  14:55  Spine Crawler x3  
  168  14:59  Spore Crawler  
  158  15:01  Drone x2  
  160  15:08  Zergling x52  
  184  15:22  Viper x2  
  190  15:33  Drone x4  
  190  15:34  Drone x2  
  177  15:51  Corruptor x11  
  183  16:10  Zerg Flyer Weapons Level 2  
  183  16:25  Zergling x32  
  199  16:32  Hatchery  
  194  16:43  Brood Lord x2  
  198  17:29  Overseer  
  196  17:31  Zergling x6  
  197  17:37  Drone x2  
  197  17:38  Zerg Flyer Armor Level 3  
  197  17:52  Spore Crawler  
  197  17:54  Spine Crawler  
  177  18:11  Lurker x3  
  180  18:17  Hydralisk x3  
  180  18:19  Zerg Ground Armor Level 1  
  182  18:25  Zergling x34  
  195  18:38  Brood Lord x6  
  191  18:57  Burrow  
  191  18:58  Zerg Flyer Weapons Level 3  
  144  19:27  Zergling x42  
  156  19:36  Corruptor  
  156  19:38  Queen x2  
  158  19:39  Corruptor x6  
  174  19:48  Extractor  
  174  19:49  Hatchery  
  174  19:52  Extractor  
  171  19:56  Hatchery  
  171  19:59  Extractor  
  169  20:06  Baneling x3  
  168  20:07  Corruptor x14  
  196  20:14  Lurker x3  
  195  20:38  Overseer x2  
  174  21:14  Zergling x48  
  190  21:33  Drone  
  178  22:03  Zergling x46  
  193  22:35  Overseer  
  193  22:36  Overseer x3  
  188  23:01  Brood Lord x4  
  178  23:24  Zergling x48  
  195  23:37  Queen  
  195  23:38  Queen  
  197  23:52  Spore Crawler  
  178  24:35  Hatchery  
  178  24:37  Extractor  
  176  24:40  Brood Lord  
  173  25:00  Lair  
  173  25:02  Spire  
  173  25:05  Zergling x30  
  153  25:27  Drone  
  153  25:28  Drone x7  
  158  25:39  Drone x4  
  158  25:40  Spawning Pool  
  159  25:49  Overlord x4  
  157  25:52  Brood Lord x7  
  165  26:05  Drone x6  
  171  26:21  Drone x10  
  171  26:22  Infestation Pit  
  180  26:29  Queen  
  180  26:56  Drone x3  
  180  26:57  Drone x6  
  180  26:58  Drone x3  
  180  27:00  Spine Crawler  
  187  27:18  Drone  
  187  27:21  Zergling x22  
  197  27:30  Corruptor  
  196  27:44  Hatchery  
  196  27:45  Spore Crawler  
  194  27:53  Infestor x3  
  199  28:02  Hive  
  197  28:29  Corruptor  
  197  28:32  Neural Parasite  
  197  28:42  Overseer x6  
  197  28:47  Zergling x12  
  198  29:05  Zergling x2  
  198  29:06  Zergling x2  
  200  29:10  Extractor  
  200  29:15  Infestor x3  
  199  29:21  Corruptor  
  199  29:22  Corruptor  
  195  29:32  Zergling x14  
  195  29:37  Evolution Chamber, Corruptor x4  
  192  29:59  Viper x2  
  192  30:31  Overlord x2  
  192  30:32  Zerg Ground Armor Level 2  
  192  30:42  Overlord x3  
  192  30:46  Greater Spire  
  191  30:56  Zergling x26  
  189  31:42  Zergling x2  
  189  31:43  Zergling x28  
  185  32:13  Infestor x2  
  185  32:14  Infestor x2  
  193  32:31  Hatchery  
  193  32:32  Hatchery  
  186  32:45  Drone  
  186  32:46  Drone x2, Ultralisk Cavern  
  186  32:50  Overlord x2  
  186  32:51  Overlord  
  185  32:58  Zerg Ground Armor Level 3  
  185  33:06  Infestor x3  
  188  33:30  Queen  
  188  33:31  Queen  
  190  33:37  Chitinous Plating  
  190  34:04  Infestor x4  
  185  34:23  Ultralisk x2  
  199  34:45  Ultralisk  
  199  34:55  Anabolic Synthesis  
  199  34:57  Infestor x4  
  198  35:32  Spore Crawler  
  198  35:33  Spore Crawler x2  
  187  35:58  Infestor x9  
  157  36:28  Corruptor x16  
  162  36:45  Corruptor x10  
  121  37:17  Brood Lord x5  
  131  37:23  Infestor x3  
  131  37:24  Brood Lord  
  131  37:25  Brood Lord x8  
  131  37:28  Brood Lord x5  
  163  37:33  Infestor x2  
  163  37:36  Ultralisk  
  162  37:37  Overlord x5  
  162  37:38  Overlord  
  156  38:03  Zergling x2, Ultralisk x2  
  156  38:05  Hatchery  
  168  38:46  Hatchery  
  167  39:15  Hatchery  
  166  39:19  Extractor  
  166  39:21  Infestor x5  
  151  39:39  Zergling x6  
  154  39:50  Drone x5  
  154  40:08  Zergling x4  
  154  40:10  Zergling x6  
  158  40:47  Zergling x16  
  166  40:53  Infestor x2  
  166  40:54  Infestor x3  
  154  41:26  Zergling x22  
Tags
 
Add a new tag
Caveats
  • Supply blocks, unpowered buildings, or Contaminate may cause inaccurate times.
  • Supply counts are checked every 10 seconds.